 Dungeon Sprint DCSS version bcrawl-1.15.1 (webtiles) character file.

Game seed: 7583066991308477314

24 Kerapac the Magician (level 3, 21/26 HPs)
             Began as an Oni Ice Elementalist on Oct 3, 2019.
             Quit the game in the Dungeon (Sprint III: "The Ten Rune Challenge").
             The game lasted 00:01:46 (271 turns).

Kerapac the Magician (Oni Ice Elementalist)          Turns: 271, Time: 00:01:46

Health: 21/26      AC:  2    Str: 11    XL:     3   Next: 2%
Magic:  10/10      EV: 12    Int: 17    God:
Gold:   0          SH:  0    Dex: 11    Spells: 7/10 levels left

rFire    . . .     SeeInvis .   (no weapon)
rCold    . . .     Gourm    .   (no shield)
rNeg     . . .     Faith    .   a - +0 animal skin
rPois    .         Spirit   .   (helmet restricted)
rElec    .         Reflect  .   (no cloak)
rCorr    .         Harm     .   (no gloves)
MR       .....     NoTele   +   (no boots)
Stlth    ++........             (no amulet)
HPRegen  0.08/turn              (no ring)
MPRegen  0.12/turn              (no ring)

@: no status effects
A: oni magic, claws 1, fangs 1, horns 1
a: no special abilities


You were in the Dungeon.
You were not hungry.

You visited 1 branch

Inventory:

Missiles
 b - 117 stones (quivered)
Armour
 a - a +0 animal skin (worn)
Wands
 c - a wand of iceblast (1)
Scrolls
 j - a scroll of blinking
 k - a scroll of enchant weapon {unknown}
Potions
 e - a potion of curing
 h - a potion of magic
 i - a potion of berserk rage
Comestibles
 d - a ration {!d}


   Skills:
 - Level 1.7 Dodging
 - Level 1.7 Stealth
 * Level 4.1 Spellcasting


You had 7 spell levels left.
You knew the following spells:

 Your Spells              Type           Power        Failure   Level  Hunger
a - Freeze                Ice            ###...       2%          1    None
b - Throw Frost           Conj/Ice       ###...       4%          2    ##.....

Your spell library contained the following spells:

 Spells                   Type           Power        Failure   Level  Hunger
 Infusion                 Chrm           ###.....     2%          1    None
 Ozocubu's Armour         Chrm/Ice       ###.....     9%          3    ###....
 Summon Ice Beast         Ice/Summ       ###.....     28%         4    ####...
 Throw Icicle             Conj/Ice       ###.....     28%         4    ####...


Dungeon Overview and Level Annotations

Branches:
Dungeon (1/1)

Altars:


Innate Abilities, Weirdness & Mutations

You learn spells by gaining experience, not through books or religion.
You only train spellcasting to practice magic.
You have sharp fingernails.
You have very sharp teeth.
You have a pair of small horns on your head.


Message History

You feel yourself slow down.
You start resting.
Magic restored.
You start resting.
Magic restored.
A phantom comes into view.
You enter the shallow water.
Moving in this stuff is going to be slow.
You scratch the phantom but do no damage.
You headbutt the phantom. Your bite misses the phantom.
The phantom is lightly damaged.
The phantom hits you.
You completely miss the phantom. Your headbutt misses the phantom.
The phantom is lightly damaged.
The phantom hits you.
You scratch the phantom but do no damage.
You headbutt the phantom, but do no damage.
The phantom is lightly damaged.
The phantom blinks!
Are you sure you want to abandon this character and quit the game? (Confirm with "yes".)

▓▓▓▓ ▓▓▓▓ ▓▓▓ ▓<.#
+... ♣.# ▓..# #....
♣♣.# ▓#'####....♣
♣..# ▓.†...#....≈♣♣
♣..#
▓.....#...≈≈..♣♣..#
▓.....#..≈≈≈≈♣@.♣.+
▓####'#..≈≈≈≈§≈♣..#
▓.....#.≈≈≈≈≈≈....#
▓.....#.≈≈≈≈≈.....#
▓.....#W≈≈≈.......#
▓'#####...........#
▓.................#
▓▓▓▓▓▓▓▓▓▓▓▓▓▓▓▓▓▓▓


You could see a phantom.

Vanquished Creatures
  A human (D)
  An ooze (D)
  3 rats (D)
5 creatures vanquished.

Vanquished Creatures (others)
  A draconian scorcher (D)
  5 hellions (D)
  A yaktaur (D)
  A plant (D)
8 creatures vanquished.

Grand Total: 13 creatures vanquished

Notes
Turn   | Place    | Note
-------+----------+-------------------------------------------
     0 | D        | Kerapac the Oni Ice Elementalist began the quest for the
                  | Orb.
     0 | D        | Reached XP level 1. HP: 14/14 MP: 4/4
     5 | D        | Reached skill level 2 in Spellcasting
    75 | D        | Killed a hellion
   114 | D        | Killed a yaktaur
   126 | D        | Killed a hellion
   139 | D        | Killed a hellion
   163 | D        | Reached skill level 4 in Spellcasting
   163 | D        | Reached XP level 2. HP: 19/20 MP: 1/9
   163 | D        | Reached XP level 3. HP: 24/26 MP: 1/10
   167 | D        | Learned a level 2 spell: Throw Frost
   201 | D        | Killed a hellion
   227 | D        | Killed a hellion
   239 | D        | Killed a white draconian scorcher
   271 | D        | Quit the game

Skill      XL: |  1 |
---------------+----+-----
Spellcasting   | 4 |  4.1
Dodging        | |  1.7
Stealth        | |  1.7

Action                   || total
-------------------------++-------
Melee: Unarmed           ||    14
       Headbutt          ||     3
Throw: Stone             ||     7
 Cast: Freeze            ||    13
  Use: Potion            ||     3
 Stab: Sleeping          ||     1
Armor: Animal skin       ||     1
Dodge: Dodged            ||    16
